 Dungeon Crawl Stone Soup version 0.18-a0-971-g0af6217 (webtiles) character file.

2281 4thArraOfDagon the Spear-Bearer (level 9, 0/62 HPs)
             Began as a Centaur Air Elementalist on Jan 2, 2016.
             Was an Initiate of Yredelemnul.
             Slain by a troll (8 damage)
             ... on level 7 of the Dungeon.
             The game lasted 00:37:46 (5229 turns).

4thArraOfDagon the Spear-Bearer (CeAE)              Turns: 5229, Time: 00:37:47

Health: 0/62       AC: 15    Str: 15    XL:     9   Next: 16%
Magic:  11/11      EV:  8    Int: 17    God:    Yredelemnul [......]
Gold:   231        SH:  3    Dex: 11    Spells: 3 memorised, 6 levels left

rFire  . . .     SeeInvis .     B - +0 halberd
rCold  . . .     Gourm    .     a - +1 robe
rNeg   . . .     Faith    .     (shield currently unavailable)
rPois  .         Spirit   .     (no helmet)
rElec  .         Dismiss  .     u - +0 cloak
rCorr  .         Reflect  +     (no gloves)
SustAt .         Harm     .     y - +0 centaur barding
MR     +....                    t - +3 amulet of reflection
Stlth  +.........               v - +5 ring of protection
                                h - ring of protection from magic

@: mighty, repel missiles, very quick, somewhat resistant to hostile
enchantments, very unstealthy
A: hooves 3, deformed body, speed 2, tough skin 3, wild magic 1
a: Renounce Religion


You were on level 7 of the Dungeon.
You worshipped Yredelemnul.
Yredelemnul was noncommittal.
You were not hungry.

You visited 2 branches of the dungeon, and saw 11 of its levels.

You collected 231 gold pieces.

Inventory:

Hand Weapons
 q - a +0 short sword
 B - a +0 halberd (weapon)
Missiles
 j - 3 javelins of returning (quivered)
 p - a throwing net
 x - 5 curare-tipped needles
Armour
 a - a +1 robe (worn)
 u - a +0 cloak (worn)
 y - a +0 centaur barding (worn)
Jewellery
 h - a ring of protection from magic (left hand)
 l - an uncursed ring of ice
 o - an uncursed ring of fire
 t - a +3 amulet of reflection (around neck)
 v - a +5 ring of protection (right hand)
Wands
 A - a wand of fireball (0/15)
Scrolls
 e - a scroll of remove curse
 w - 2 scrolls of recharging
 z - 2 scrolls of enchant armour
 C - a scroll of immolation
 I - a scroll of amnesia
Potions
 d - a potion of flight
 g - a potion of cure mutation
 i - 2 potions of curing
 n - a potion of agility {unknown}
 r - a potion of magic {unknown}
 D - a potion of might
 E - a potion of heal wounds {unknown}
 F - a potion of lignification {unknown}
Books
 b - a book of Air

   Spells                             Type                      Level
   a - Shock                          Conjuration/Air              1
   b - Swiftness                      Charms/Air                   2
   c - Repel Missiles                 Charms/Air                   2
   d - Static Discharge               Conjuration/Air              3
   e - Lightning Bolt                 Conjuration/Air              5
 G - a Grand Grimoire

   Spells                             Type                      Level
   a - Monstrous Menagerie            Summoning                    6
   b - Summon Greater Demon           Summoning                    7
   c - Malign Gateway                 Summoning/Translocation      7
   d - Summon Horrible Things         Summoning                    8
Comestibles
 c - 4 bread rations
 f - 2 meat rations
 s - 2 slices of pizza
 H - a beef jerky


   Skills:
 * Level 8.9 Polearms
 - Level 5.1 Throwing
 + Level 1.1 Armour
 + Level 2.0 Dodging
 - Level 1.2 Stealth
 - Level 1.5 Spellcasting
 - Level 2.6 Conjurations
 - Level 3.7 Air Magic
 * Level 2.1 Invocations


You had 6 spell levels left.
You knew the following spells:

 Your Spells              Type           Power        Failure   Level  Hunger
a - Shock                 Conj/Air       ###.         13%         1    ##.....
b - Repel Missiles        Chrm/Air       ##....       30%         2    ###....
c - Swiftness             Chrm/Air       ##......     30%         2    ###....


Dungeon Overview and Level Annotations

Branches:
Dungeon (10/15)            Temple (1/1) D:6
   Lair: D:8-11         Orc: D:9-12

Altars:
Ashenzari
Cheibriados
Dithmenos
Elyvilon
Gozag
Nemelex Xobeh
Okawaru
Pakellas
Qazlal
Ru
Sif Muna
Trog
Vehumet
Xom
Yredelemnul
Zin
The Shining One

Shops:
D:8 *

Annotations:
D:2 Natasha
D:6 Crazy Yiuf; Noname's ghost, novice OpIE
D:7 Prince Ribbit
D:8 Psyche


Innate Abilities, Weirdness & Mutations

You have hooves in place of feet.
Armour fits poorly on your strangely shaped body.
You cover ground very quickly.
You have extremely tough skin (AC +3).
Your spells are a little harder to cast, but a little more powerful.


Message History

You reach to attack!
You barely miss the troll.
The troll is moderately wounded.
You float gracefully downwards.
Attack whom?
Press: ? - help, Dir - move target cursor, f/p - troll
Aim: a troll (lightly wounded)
You reach to attack!
You puncture the troll!
The troll is severely wounded.
Attack whom?
Press: ? - help, Dir - move target cursor, f/p - troll
Aim: a troll (heavily wounded)
You reach to attack!
You hit the troll.
The troll is severely wounded.
The troll bites you!
* * * LOW HITPOINT WARNING * * *
The troll claws you.
* * * LOW HITPOINT WARNING * * *
The troll claws you!
You die...
Your body rises from the dead as a mindless zombie.

#.F...F...§...#
......
###############
##.##...####'
............. #.
#.†# #. ##.# #.
#># #$ #)#
##########.#####(#
#...T@...$....##.#
#.#########.#.##.#
#.# #.#.##.#
#.#########[#.##.#
#.........#.#.##(#
#########.#.#.##.#
#...#....#
##########


You could see a troll.

Vanquished Creatures
  A two-headed ogre (D:5)
  2 orc warriors
  A phantom (D:4)
  A sky beast (D:8)
  5 ogres
  A centaur (D:7)
  A crocodile (D:10)
  3 giant frogs
  A big kobold (D:9)
  2 crimson imps
  4 hounds
  A centaur zombie (D:8)
  An orc priest (D:9)
  5 orc wizards
  A centaur skeleton (D:7)
  2 iguanas (D:7)
  2 worker ants (D:8)
  A killer bee zombie (D:6)
  2 hound skeletons
  A worker ant zombie (D:8)
  7 gnolls
  7 adders
  A shadow imp (D:8)
  An adder zombie (D:8)
  2 adder skeletons
  A worm (D:2)
  3 giant geckos
  16 orcs
  5 giant cockroaches
  3 goblins
  5 hobgoblins
  6 jackals
  4 kobolds
  3 quokkas
  2 ball pythons
  A bat (D:3)
  A giant gecko skeleton (D:8)
  6 giant newts
  A quokka skeleton (D:8)
  A quokka zombie (D:6)
  4 rats
118 creatures vanquished.

Vanquished Creatures (others)
  A hungry ghost (D:8)
1 creature vanquished.

Grand Total: 119 creatures vanquished

Notes
Turn   | Place    | Note
--------------------------------------------------------------
     0 | D:1      | 4thArraOfDagon the Centaur Air Elementalist began the quest for the Orb.
     0 | D:1      | Reached XP level 1. HP: 14/14 MP: 3/3
     0 | D:1      | 4thArraOfDagon: blacktaur: attempt no.3
     0 | D:1      | 4thArraOfDagon: now or never!
    55 | D:1      | Reached skill level 1 in Conjurations
   135 | D:1      | jacquesderrida: time for hors
   156 | D:1      | Reached skill level 3 in Air Magic
   156 | D:1      | Reached XP level 2. HP: 10/20 MP: 0/4
   383 | D:2      | Noticed Natasha
   551 | D:2      | Learned a level 2 spell: Repel Missiles
   584 | D:2      | jacquesderrida: Dex: 9
   606 | D:2      | jacquesderrida: Klassic hors
   609 | D:2      | Found an iron altar of Okawaru.
   962 | D:2      | Found a sparkling altar of Nemelex Xobeh.
   963 | D:2      | Found an opulent altar of Gozag.
  1090 | D:2      | Reached XP level 3. HP: 5/26 MP: 0/5
  1159 | D:2      | Learned a level 2 spell: Swiftness
  1322 | D:4      | Noticed an ogre
  1355 | D:4      | Killed an ogre
  1355 | D:4      | Reached XP level 4. HP: 21/33 MP: 0/6
  1442 | D:4      | Reached XP level 5. HP: 33/38 MP: 5/7
  1632 | D:4      | Noticed a phantom
  1642 | D:4      | jacquesderrida: armoured hors
  1666 | D:4      | jacquesderrida: of considerable durability
  1709 | D:4      | Killed a phantom
  1709 | D:4      | Reached skill level 4 in Throwing
  1793 | D:4      | Noticed an ogre
  1813 | D:4      | Killed an ogre
  1813 | D:4      | Reached skill level 5 in Throwing
  1813 | D:4      | Reached XP level 6. HP: 29/45 MP: 6/8
  1842 | D:4      | Found an oddly glowing altar of Pakellas.
  1914 | D:4      | Found a sacrificial altar of Ru.
  1958 | D:4      | Found a sand-covered staircase.
  1993 | D:5      | Entered Level 5 of the Dungeon
  1997 | D:5      | Found a snail-covered altar of Cheibriados.
  2128 | D:5      | Found a deep blue altar of Sif Muna.
  2162 | D:5      | Noticed an ice beast
  2193 | D:6      | Noticed a sky beast
  2217 | D:5      | Noticed a two-headed ogre
  2272 | D:5      | Killed a two-headed ogre
  2272 | D:5      | Reached XP level 7. HP: 50/50 MP: 9/9
  2581 | D:6      | Reached skill level 5 in Polearms
  2623 | D:6      | Noticed Crazy Yiuf
  2624 | D:6      | oh no
  2739 | D:6      | jacquesderrida: there were crystal walls on d6
  2748 | D:6      | Noticed Noname's ghost (novice OpIE)
  2748 | D:6      | jacquesderrida: tempol...
  2883 | D:7      | Reached skill level 6 in Polearms
  2883 | D:7      | Reached XP level 8. HP: 23/57 MP: 1/10
  2923 | D:7      | Noticed Prince Ribbit
  3103 | D:6      | Found a staircase to the Ecumenical Temple.
  3109 | Temple   | Entered the Ecumenical Temple
  3157 | Temple   | 4thArraOfDagon: yred!
  3157 | Temple   | 4thArraOfDagon: someone wants to postpone my win!
  3157 | Temple   | jacquesderrida: he bed
  3318 | D:8      | Noticed Psyche
  3370 | D:7      | Found a glowing silver altar of Zin.
  3394 | D:7      | Reached skill level 7 in Polearms
  3497 | D:8      | Found Ivit's Demolitions Depot.
  3867 | D:8      | Reached skill level 8 in Polearms
  4105 | D:8      | Found a bloodstained altar of Trog.
  4131 | D:9      | 4thArraOfDagon: yred
  4132 | D:9      | 4thArraOfDagon: the inexistant
  4457 | D:9      | Found a basalt altar of Yredelemnul.
  4458 | D:9      | GLORIA!
  4462 | D:9      | Became a worshipper of Yredelemnul the Dark
  4477 | D:9      | jacquesderrida: based altar
  4538 | D:10     | Entered Level 10 of the Dungeon
  4602 | D:10     | Reached XP level 9. HP: 62/62 MP: 6/11
  4605 | D:10     | Reached skill level 1 in Armour
  4605 | D:10     | Reached skill level 1 in Invocations
  4796 | D:9      | Found a shattered altar of Ashenzari.
  4932 | D:9      | revisiting
  5151 | D:7      | wanted to avoid this
  5155 | D:7      | Gained mutation: Your spells are a little harder to cast, but a little more powerful. [potion of beneficial mutation]
  5179 | D:7      | Noticed a troll
  5229 | D:7      | Slain by a troll

Vault maps used:
D:1:      lemuel_arrival_room, minmay_splitting_lines, minmay_vboxes
D:2:      grunt_temple_overflow_opulence, okawaru_gym_becter, uniq_natasha
D:3:      lemuel_round_altar
D:4:      grunt_pakellas_basics, lemuel_doored_altar, gup_ossuary_entry_pyramid,
          lightli_sewer_entry_pipes
D:5:      lemuel_round_altar, cheibriados_altar_1, first_bread,
          solitary_fountain, minivault_11
D:6:      temple_green, basic_altar, uniq_crazy_yiuf_cottage
D:7:      lemuel_crystal_altar, uniq_prince_ribbit1
D:8:      kennysheep_mini, nicolae_overflow_hidden_temple, lemuel_round_altar,
          grunt_pizzeria, st_stairs_12, nicolae_blasting_shop, uniq_psyche
D:9:      evilmike_ruin_ashenzari, marbit_many_paths
Temple:   nicolae_temple_hex_pool

Action                   |  1- 3 |  4- 6 |  7- 9 || total
-------------------------+-------+-------+-------++-------
Melee: Dagger            |    12 |       |       ||    12
       Short sword       |    15 |    15 |       ||    30
       Halberd           |       |    43 |   286 ||   329
Throw: Javelin           |     8 |    49 |    37 ||    94
 Cast: Shock             |    40 |    21 |   112 ||   173
       Repel Missiles    |     1 |       |     3 ||     4
Evoke: Wand              |       |       |     2 ||     2
  Use: Scroll            |     7 |     1 |     2 ||    10
       Potion            |     2 |       |     7 ||     9
  Eat: Beef jerky        |     1 |       |     1 ||     2
       Chunk             |       |     3 |    16 ||    19
